 Dungeon Sprint DCSS version 0.28.0-53-g5a82cb258f (webtiles) character file.

Game seed: 15498816083911322498

29612 Zeld the Executioner (level 13, -3/225 HPs)
             Began as a Minotaur Berserker on June 9, 2022.
             Was the Champion of Trog.
             Succumbed to a naga mage's splash of poison
             ... in the Dungeon (Sprint IX: "|||||||||||||||||||||||||||||").
             The game lasted 00:05:07 (5159 turns).

Zeld the Executioner (Minotaur Berserker)           Turns: 5159, Time: 00:05:08

Health: -3/225     AC: 35    Str: 27    XL:     13   Next: 16%
Magic:  12/12      EV: 10    Int:  4    God:    Trog [******]
Gold:   955        SH:  0    Dex: 10    Spells: 12/12 levels left

rFire   + . .      SeeInvis .   t - +0 battleaxe of Understanding {vorpal, rN+ Stlth+}
rCold   . . .      Faith    .   (shield currently unavailable)
rNeg    + . .      Spirit   .   A - +2 crystal plate armour
rPois   x          Reflect  .   x - +2 hat
rElec   .          Harm     .   z - +1 cloak
rCorr   .          Rampage  .   q - +0 pair of gloves
Will    +....      NoTele   +   k - +0 pair of boots
Stlth   ..........              (no amulet)
HPRegen 0.47/turn               l - ring of willpower
MPRegen 0.13/turn               y - ring of protection from fire

@: berserking (expiring), lethally poisoned (-3 -> -41), poison vulnerable,
slowed
A: horns 2, retaliatory headbutt
a: Renounce Religion, Berserk, Trog's Hand, Brothers in Arms


You were in the Dungeon.
You worshipped Trog.
Trog was exalted by your worship.
You visited 1 branch You collected 1908 gold pieces.
You spent 953 gold pieces at shops.

Inventory:

Hand Weapons
 a - a +9 executioner's axe
 t - the +0 battleaxe of Understanding (weapon) {vorpal, rN+ Stlth+}
   (Trog gifted it to you in the Dungeon)

   It inflicts extra damage upon your enemies.
   rN:        It protects you from negative energy.
   Stlth:     It makes you more stealthy.
Armour
 k - a +0 pair of boots (worn)
 q - a +0 pair of gloves (worn)
 x - a +2 hat (worn)
 z - a +1 cloak (worn)
 A - a +2 crystal plate armour (worn)
Jewellery
 l - a ring of willpower (left hand)
 y - a ring of protection from fire (right hand)
Wands
 j - a wand of iceblast (10)
Scrolls
 b - 2 scrolls of enchant weapon
 h - 4 scrolls of blinking
 m - 2 scrolls of fog
 n - 2 scrolls of fear
 o - 5 scrolls of identify
 s - 5 scrolls of enchant armour
 v - a scroll of magic mapping
 w - a scroll of holy word
Potions
 c - 9 potions of curing
 d - 6 potions of heal wounds
 e - 2 potions of haste
 f - 6 potions of magic
 g - 2 potions of berserk rage
 i - a potion of invisibility
 p - a potion of flight
 u - 2 potions of lignification {unknown}


   Skills:
 * Level 23.9 Fighting
 * Level 23.9 Axes
 + Level 17.5 Armour
 + Level 16.1 Dodging


You had 12 spell levels left.
You didn't know any spells.
Your spell library was empty.

Dungeon Overview and Level Annotations

Branches:
Dungeon (1/1)

Altars:
Cheibriados
Dithmenos
Elyvilon
Fedhas
Gozag
Hepliaklqana
Kikubaaqudgha
Makhleb
Nemelex Xobeh
Okawaru
Qazlal
Ru
Sif Muna
Trog
Uskayaw
Vehumet
Wu Jian
Xom
Yredelemnul
Zin
The Shining One
Beogh
Jiyva
Lugonu

Shops:
D **[


Innate Abilities, Weirdness & Mutations

You have a pair of horns on your head.
You reflexively headbutt those who attack you in melee.


Message History

The naga mage hits you but does no damage.
Unknown command.
You slice the naga sharpshooter!!
The naga sharpshooter is heavily wounded.
You feel extremely sick.
The naga sharpshooter spits poison at you.
The splash of poison hits you but does no damage.
You are lethally poisoned!
You have difficulty breathing.
* * * LOW HITPOINT WARNING * * *
You feel as though you will be slow longer.
The naga mage barely misses you.
Unknown command.
You slash the naga sharpshooter!
Your headbutt misses the naga sharpshooter.
The naga sharpshooter is severely wounded.
* * * LOW HITPOINT WARNING * * *
You feel extremely sick.
The naga mage hits you from afar with a +0 spear.
* * * LOW HITPOINT WARNING * * *
The naga sharpshooter shoots an arrow.
The arrow hits you.
* * * LOW HITPOINT WARNING * * *
Unknown command.
You hit the naga sharpshooter. You headbutt the naga sharpshooter!!
You kill the naga sharpshooter!
Trog accepts your kill.
Trog appreciates your killing of a magic user.
* * * LOW HITPOINT WARNING * * *
You feel extremely sick. The naga mage spits poison at you.
The splash of poison hits you but does no damage.
You are more poisoned.
Unknown command.
* * * LOW HITPOINT WARNING * * *
You feel extremely sick.
Items here: ) [ ††.
You slam the door shut with a bang, pushing everything out of the way!
Items here: )) [ ††.
You feel a strong urge to attack something.
You die...

_▓.▓†▓.▓.▓.▓.▓.▓.▓
_▓)▓†▓.▓)▓.▓[▓.▓.▓
_▓.▓.▓.▓.▓.▓[▓.▓.▓
_▓.▓.▓.▓.▓.▓.▓.▓.▓
_▓.▓.▓.▓)▓.▓[▓.▓S▓
_▓.▓.▓.▓)▓.▓[▓.▓S▓
_▓.▓.▓.▓.▓.▓[▓.▓N▓
_▓.▓.▓.▓.▓.▓[▓.▓+▓
_▓.▓.▓.▓.▓.▓[▓.▓@▓
_▓.▓)▓.▓)▓.▓.▓.▓.▓
_▓.▓÷▓.▓)▓.▓)▓.▓.▓
_▓.▓'▓.▓)▓.▓)▓.▓.▓
_▓.▓)▓.▓)▓.▓)▓.▓.▓
_▓.▓.▓.▓)▓.▓)▓.▓.▓
_▓.▓.▓)▓)▓.▓)▓.▓)▓
_▓.▓.▓.▓)▓.▓)▓.▓.▓
'▓.▓.▓.▓)▓.▓)▓.▓)▓


There were no monsters in sight!

Vanquished Creatures
  Gastronok (D)
  Azrael (D)
  2 merfolk impalers (D)
  A merfolk javelineer (D)
  A fire dragon (D)
  A hydra (D)
  Harold (D)
  A merfolk aquamancer (D)
  2 deep troll shamans (D)
  An anaconda (D)
  A tengu warrior (D)
  2 naga sharpshooters (D)
  A skeletal warrior (D)
  A naga ritualist (D)
  A wizard (D)
  8 orc sorcerers (D)
  A deep elf pyromancer (D)
  2 orc knights (D)
  A manticore (D)
  A water nymph (D)
  A merfolk siren (D)
  3 black mambas (D)
  A torpor snail (D)
  5 cane toads (D)
  A komodo dragon (D)
  A troll (D)
  A merfolk (D)
  A wind drake (D)
  2 blink frogs (D)
  A slime creature (D)
  3 fire elementals (D)
  2 basilisks (D)
  Eustachio (D)
  4 yaks (D)
  A golden eye (shapeshifter) (D)
  A wyvern (D)
  5 vampire mosquitoes (D)
  An acid dragon (D)
  3 hell hounds (D)
  A water moccasin (D)
  2 orc warriors (D)
  A black bear (D)
  An ice beast (D)
  A necrophage (D)
  A wolf (D)
  A centaur (D)
  A gnoll sergeant (D)
  8 bullfrogs (D)
  A hound (D)
  3 orc priests (D)
  7 orc wizards (D)
  A dart slug (D)
  3 orcs (D)
  A ball python (D)
  An endoplasm (D)
  A hobgoblin (D)
  A kobold (D)
  A ball python skeleton (D)
  A ball python zombie (D)
107 creatures vanquished.

Vanquished Creatures (collateral kills)
  2 stone giants (D)
  An ettin (D)
  4 orc knights (D)
  An ugly thing (D)
  6 orc warriors (D)
  An orc priest (D)
  4 orcs (D)
19 creatures vanquished.

Grand Total: 126 creatures vanquished

Notes
Turn   | Place    | Note
-------+----------+-------------------------------------------
     0 | D        | Zeld the Minotaur Berserker began the quest for the Orb.
     0 | D        | Reached XP level 1. HP: 19/19 MP: 0/0
     9 | D        | Reached ** piety under Trog
    13 | D        | Reached XP level 2. HP: 19/28 MP: 1/1
   113 | D        | Noticed a necrophage
   113 | D        | Noticed a black bear
   113 | D        | Noticed an ice beast
   119 | D        | Killed an ice beast
   120 | D        | Reached XP level 3. HP: 39/39 MP: 2/2
   120 | D        | Reached XP level 4. HP: 47/47 MP: 3/3
   120 | D        | Reached *** piety under Trog
   121 | D        | Reached skill level 5 in Armour
   127 | D        | Killed a black bear
   128 | D        | Reached skill level 5 in Dodging
   128 | D        | Reached XP level 5. HP: 49/56 MP: 4/4
   134 | D        | Killed a necrophage
   135 | D        | Reached XP level 6. HP: 36/66 MP: 5/5
   372 | D        | Found a snail-covered altar of Cheibriados.
   372 | D        | Found a shadowy altar of Dithmenos.
   372 | D        | Found a white marble altar of Elyvilon.
   372 | D        | Found a blossoming altar of Fedhas.
   372 | D        | Found an opulent altar of Gozag.
   378 | D        | Found a hazy altar of Hepliaklqana.
   379 | D        | Found a viscous altar of Jiyva.
   380 | D        | Found an ancient bone altar of Kikubaaqudgha.
   381 | D        | Found a corrupted altar of Lugonu.
   382 | D        | Found a burning altar of Makhleb.
   383 | D        | Found a sparkling altar of Nemelex Xobeh.
   384 | D        | Found an iron altar of Okawaru.
   385 | D        | Found a stormy altar of Qazlal.
   386 | D        | Found a sacrificial altar of Ru.
   387 | D        | Found a shimmering blue altar of Sif Muna.
   388 | D        | Found a bloodstained altar of Trog.
   389 | D        | Found a hide-covered altar of Uskayaw.
   390 | D        | Found a radiant altar of Vehumet.
   391 | D        | Found an ornate altar of the Wu Jian Council.
   392 | D        | Found a shimmering altar of Xom.
   393 | D        | Found a basalt altar of Yredelemnul.
   394 | D        | Found a glowing silver altar of Zin.
   395 | D        | Found a glowing golden altar of the Shining One.
   425 | D        | Noticed a yak
   425 | D        | Noticed a yak
   425 | D        | Noticed an acid dragon
   425 | D        | Noticed an orc warrior
   430 | D        | Reached **** piety under Trog
   431 | D        | Reached skill level 10 in Fighting
   431 | D        | Reached skill level 10 in Axes
   435 | D        | Killed an orc warrior
   439 | D        | Killed an acid dragon
   440 | D        | Reached XP level 7. HP: 50/74 MP: 6/6
   442 | D        | Killed a yak
   443 | D        | Killed a yak
   446 | D        | Reached ***** piety under Trog
   786 | D        | Noticed a vampire mosquito
   786 | D        | Noticed a vampire mosquito
   786 | D        | Noticed a troll
   786 | D        | Noticed a skeletal warrior
   786 | D        | Noticed a basilisk
   790 | D        | Killed a basilisk
   797 | D        | Killed a skeletal warrior
   798 | D        | Reached XP level 8. HP: 73/86 MP: 7/7
   799 | D        | Identified the +0 battleaxe of Understanding {vorpal, rN+
                  | Stlth+} (Trog gifted it to you in the Dungeon)
   799 | D        | Received a gift from Trog
   803 | D        | Killed a troll
   804 | D        | Reached skill level 10 in Armour
  1297 | D        | Reached XP level 9. HP: 96/96 MP: 8/8
  1607 | D        | Noticed Harold
  1612 | D        | Killed Harold
  1613 | D        | Reached skill level 15 in Fighting
  1613 | D        | Reached skill level 15 in Axes
  1613 | D        | Reached skill level 10 in Dodging
  1918 | D        | Noticed a cane toad
  1920 | D        | Received a gift from Trog
  1923 | D        | Noticed a black mamba
  1925 | D        | Noticed a cane toad
  1927 | D        | Noticed a cane toad
  1932 | D        | Killed a cane toad
  1935 | D        | Killed a black mamba
  1937 | D        | Killed a cane toad
  1938 | D        | Reached XP level 10. HP: 41/108 MP: 9/9
  1939 | D        | Killed a cane toad
  1939 | D        | Received a gift from Trog
  2211 | D        | Noticed a torpor snail
  2219 | D        | Noticed a cane toad
  2220 | D        | Killed a torpor snail
  2235 | D        | Killed a cane toad
  2407 | D        | Noticed a cane toad
  2417 | D        | Received a gift from Trog
  2419 | D        | Killed a cane toad
  2426 | D        | Reached ****** piety under Trog
  2430 | D        | Received a gift from Trog
  2650 | D        | Noticed Eustachio
  2656 | D        | Killed Eustachio
  2689 | D        | Noticed an orc knight
  2703 | D        | Killed an orc knight
  2706 | D        | Received a gift from Trog
  2710 | D        | Noticed an orc knight
  2719 | D        | Killed an orc knight
  2720 | D        | Reached XP level 11. HP: 73/121 MP: 10/10
  2898 | D        | Noticed an orc knight
  2898 | D        | Noticed an orc knight
  2911 | D        | Killed an orc knight
  2914 | D        | Killed an orc knight
  2932 | D        | Received a gift from Trog
  3019 | D        | Noticed an orc knight
  3021 | D        | Noticed an orc sorcerer
  3025 | D        | Killed an orc knight
  3197 | D        | Killed an orc sorcerer
  3409 | D        | Found Palut's Armour Boutique.
  3409 | D        | Noticed an orc sorcerer
  3409 | D        | Noticed an orc sorcerer
  3409 | D        | Noticed an orc sorcerer
  3413 | D        | Found Mifuyh's Assorted Antiques.
  3415 | D        | Killed an orc sorcerer
  3421 | D        | Killed an orc sorcerer
  3421 | D        | Received a gift from Trog
  3423 | D        | Noticed an orc sorcerer
  3427 | D        | Killed an orc sorcerer
  3429 | D        | Noticed an orc sorcerer
  3430 | D        | Found Vunwuo's Magic Scroll Boutique.
  3439 | D        | Killed an orc sorcerer
  3439 | D        | Received a gift from Trog
  3442 | D        | Found Rudo Obb's General Store.
  3443 | D        | Killed an orc sorcerer
  3446 | D        | Noticed an orc sorcerer
  3451 | D        | Paralysed by an orc sorcerer for 4 turns
  3463 | D        | Killed an orc sorcerer
  3464 | D        | Noticed an orc sorcerer
  3465 | D        | Received a gift from Trog
  3466 | D        | Paralysed by an orc sorcerer for 4 turns
  3809 | D        | Killed an orc sorcerer
  3834 | D        | Bought 2 potions of magic for 352 gold pieces
  3834 | D        | Bought a scroll of identify for 44 gold pieces
  3834 | D        | Bought 2 viscous dark potions for 39 gold pieces
  3836 | D        | Bought a scroll of magic mapping for 35 gold pieces
  3836 | D        | Bought a scroll of enchant armour for 75 gold pieces
  3836 | D        | Bought a scroll of enchant armour for 75 gold pieces
  3836 | D        | Bought a scroll of identify for 20 gold pieces
  3836 | D        | Bought a scroll of enchant armour for 75 gold pieces
  3836 | D        | Bought a scroll of holy word for 75 gold pieces
  3836 | D        | Bought a scroll of fog for 20 gold pieces
  3836 | D        | Bought a scroll of identify for 20 gold pieces
  3838 | D        | Bought a scroll of identify for 26 gold pieces
  3838 | D        | Bought a scroll of enchant armour for 97 gold pieces
  3910 | D        | Noticed Gastronok
  3921 | D        | Killed Gastronok
  3922 | D        | Reached skill level 15 in Armour
  4158 | D        | Noticed a fire dragon
  4158 | D        | Noticed a six-headed hydra
  4158 | D        | Noticed an orc knight
  4162 | D        | Noticed a tengu warrior
  4169 | D        | Noticed a deep elf pyromancer
  4174 | D        | Killed an orc knight
  4174 | D        | Received a gift from Trog
  4177 | D        | Killed an eight-headed hydra
  4177 | D        | Noticed a deep troll shaman
  4178 | D        | Reached XP level 12. HP: 79/136 MP: 11/11
  4427 | D        | Killed a fire dragon
  4437 | D        | Noticed a stone giant
  4438 | D        | Killed a tengu warrior
  4441 | D        | Noticed an ettin
  4443 | D        | Noticed a stone giant
  4445 | D        | Killed a deep troll shaman
  4446 | D        | Received a gift from Trog
  4447 | D        | Noticed a deep troll shaman
  4451 | D        | Killed a stone giant
  4453 | D        | Killed a stone giant
  4454 | D        | Killed an ettin
  4495 | D        | Killed a deep troll shaman
  4496 | D        | Reached skill level 15 in Dodging
  4547 | D        | Noticed Azrael
  4552 | D        | Identified the +5 battleaxe "Cyninash" {vorpal, *Noise rC+
                  | Dex+4} (Trog gifted it to you in the Dungeon)
  4552 | D        | Received a gift from Trog
  4565 | D        | Killed Azrael
  4821 | D        | Noticed a merfolk impaler
  4821 | D        | Noticed a merfolk javelineer
  4821 | D        | Noticed a merfolk impaler
  4823 | D        | Noticed a merfolk aquamancer
  4826 | D        | Killed a merfolk impaler
  4838 | D        | Killed a merfolk javelineer
  4877 | D        | Killed a merfolk impaler
  4891 | D        | Killed a merfolk aquamancer
  4891 | D        | Received a gift from Trog
  4901 | D        | Reached XP level 13. HP: 72/148 MP: 12/12
  5149 | D        | Received a gift from Trog
  5158 | D        | HP: 5/225 [poisoned by a naga mage (splash of poison)]
  5159 | D        | Succumbed to a naga mage's splash of poison

Illustrated notes

Levels and vault maps discovered:
D:        linesprint [early_d, line_temple, items_1, d_10, items_2, lair_1,
          lair_end, items_3, orc_1, orc_end, items_4, d_15, swamp_1, shoals_1,
          snake_1, spider_1, d_20, vaults_1, items_5, swamp_end, shoals_end,
          snake_end, spider_end, vaults_end, d_27, items_6, zot_1, zot_end,
          crypt_end, forest_end, elf_end, slime_end, tomb_end, abyss_end,
          pan_hell_end]

Skill      XL: |  1  2  3  4  5  6  7  8  9 10 11 12 13 |
---------------+----------------------------------------+-----
Axes           | 4 7 9 11 13 14 16 18 21 23 | 23.9
Fighting       | 4 7 8 9 11 13 14 16 18 21 23 | 23.9
Armour         | 3 4 6 7 9 10 12 13 15 17 | 17.5
Dodging        | 4 5 6 7 8 9 10 12 14 15 16 | 16.1

Action                   |  1- 3 |  4- 6 |  7- 9 | 10-12 | 13-15 || total
-------------------------+-------+-------+-------+-------+-------++-------
Melee: Hand axe          |    13 |    15 |       |       |       ||    28
       Headbutt          |     3 |     2 |     7 |    45 |     3 ||    60
       Punch             |       |     1 |       |       |       ||     1
       War axe           |       |    12 |    26 |       |       ||    38
       Battleaxe         |       |       |    20 |   261 |    21 ||   302
Invok: Berserk           |     1 |     1 |     2 |     5 |     1 ||    10
       Brothers in Arms  |       |       |       |     5 |       ||     5
  Use: Scroll            |       |       |     1 |     5 |       ||     6
       Potion            |       |       |       |     1 |     1 ||     2
Armor: Animal skin       |       |     1 |     2 |    17 |       ||    20
       Crystal plate arm |       |       |       |    79 |    32 ||   111
Dodge: Dodged            |     4 |    13 |    25 |    98 |    14 ||   154
